 Dungeon Crawl Stone Soup version 0.30-a0-632-g346586fe48 (webtiles) character file.

Game seed: 8376082846081475230

203 KennySheep the Caller (level 5, -2/38 HPs)
             Began as a Demigod Hedge Wizard on Jan 13, 2023.
             Slain by an iguana (7 damage)
             ... on level 4 of the Dungeon.
             The game lasted 00:14:18 (4894 turns).

KennySheep the Caller (Demigod Hedge Wizard)        Turns: 4894, Time: 00:14:19

Health: -2/38      AC:  4    Str: 11    XL:     5   Next: 26%
Magic:  7/11       EV: 12    Int: 16    God:
Gold:   92         SH:  0    Dex: 17    Spells: 4/9 levels left

rFire   + . .      SeeInvis .    a - +1 dagger
rCold   + . .      Faith    .    (no shield)
rNeg    . . .      Spirit   .    b - +0 robe
rPois   +          Reflect  .    g - +0 helmet
rElec   +          Harm     .    l - +0 cloak
rCorr   +          Rampage  .    (no gloves)
Will    .....                    (no boots)
Stlth   ++                       (no amulet)
HPRegen 0.26/turn                (no ring)
MPRegen 0.12/turn                (no ring)

@: resistant, flying, invisible
A: high MP 1, forlorn, divine attributes
a: no special abilities


You were on level 4 of the Dungeon.
You visited 1 branch of the dungeon, and saw 4 of its levels.

You collected 92 gold pieces.

Inventory:

Hand Weapons
 a - a +1 dagger (weapon)
Armour
 b - a +0 robe (worn)
 c - a +0 hat
 g - a +0 helmet (worn)
 l - a +0 cloak (worn)
Jewellery
 k - a ring of poison resistance
Scrolls
 e - a scroll of immolation
 h - 5 scrolls of identify {unknown}
Potions
 d - 3 potions of magic
 f - a potion of curing
 i - a potion of invisibility
 n - a potion of flight


   Skills:
 - Level 1.2 Ranged Weapons
 - Level 1.7 Dodging
 - Level 1.7 Stealth
 - Level 2.6 Spellcasting
 - Level 0.8 Conjurations
 + Level 3.3 Summonings
 + Level 3.3 Translocations


You had 4 spell levels left.
You knew the following spells:

 Your Spells              Type           Power      Damage    Failure   Level
a - Magic Dart            Conj           16%        1d3       14%         1
b - Blink                 Tloc           24%        N/A       8%          2
c - Call Imp              Summ           12%        N/A       8%          2

Your spell library contained the following spells:

 Spells                   Type           Power      Damage    Failure   Level
 Kiss of Death            Conj/Necr      12%        2d6       16%         1
 Slow                     Hex            8%         N/A       19%         1
 Cigotuvi's Dreadful Rot  Necr/Pois/Air  4%         N/A       28%         2
 Mephitic Cloud           Conj/Pois/Air  3%         N/A       45%         3
 Confusing Touch          Hex            2%         N/A       50%         3
 Frozen Ramparts          Ice            4%         1d1       50%         3
 Dispel Undead            Necr           2%         3d7       88%         4
 Ignition                 Fire           1%         3d3       100%        8
 Fire Storm               Conj/Fire      1%         8d1       100%        9


Dungeon Overview and Level Annotations

Branches:
Dungeon (4/15)
 Temple: D:4-7


Innate Abilities, Weirdness & Mutations

You have an increased reservoir of magic. (+10% MP)
You shall have no god before yourself.
Your divine heritage dramatically boosts your attributes as you level up.


Message History

It was a scroll of immolation.
As you read the scroll labelled FINOTT RONGAGG, it crumbles to dust.
You hear a loud clanging noise!
It was a scroll of noise.
You hear a shout! x3
As you read the scroll labelled NEBOLO WACWU, it crumbles to dust.
It is a scroll of enchant weapon.
Your +0 dagger glows red for a moment.
The air fills with toxic fumes!
As you read the scroll labelled ICHUOCEXEG, it crumbles to dust.
It was a scroll of poison.
The iguana bites you but does no damage.
Blink to where?
Press: ? - help, Dir - move target Are you sure you want to cancel this blink?
Okay, then.
As you read the scroll labelled YRIERO KEAWK, it crumbles to dust.
It was a scroll of blinking.
The iguana closely misses you.
Casting: Blink (safe; 8% risk of failure)
Confirm with . or Enter, or press ? or * to list all spells.
A beastly little devil appears in a puff of flame.
The iguana closely misses you.
You hit the iguana but do no damage. The iguana closely misses you.
Your crimson imp barely misses the iguana.
It was a potion of invisibility.
You fade into invisibility!
The iguana barely misses you.
Your crimson imp barely misses the iguana.
It was a potion of flight.
You feel very buoyant.
You fly up into the air.
The iguana closely misses you.
Your crimson imp blinks!
It was a potion of resistance.
You feel protected. The iguana bites you.
* * * LOW HITPOINT WARNING * * *
Okay, then.
The magic dart hits the iguana but does no damage.
The iguana bites you!
You die...

## # . #### ##8###8## ### . ..
#§§##8...8...8##.. ....
##§§##.........##..
.##....##§@☼#_.........>#..
....#§☼§○##l##.........##..
.........☼○§#§...§##8...8 ##.
.........§..####.## #8## #..
......##.....##..# ##########..
.......#...#..l#..# #...........
..........##..###.# #...........
..........#s#.## #####...........
.........#...#.###...............


You could see an iguana (unable to see you).

Vanquished Creatures
  2 gnolls
  2 dart slugs
  2 orcs (D:3)
  13 ball pythons
  7 bats
  2 endoplasms
  2 giant cockroaches (D:1)
  8 goblins
  8 hobgoblins
  5 jackals
  8 kobolds
  2 quokkas
  3 frilled lizards
  5 rats
69 creatures vanquished.

Vanquished Creatures (collateral kills)
  An adder (D:3)
  8 gnolls
  4 orcs (D:3)
  An endoplasm (D:2)
  2 hobgoblins
  A kobold (D:3)
17 creatures vanquished.

Vanquished Creatures (others)
  22 plants (D:3)
22 creatures vanquished.

Grand Total: 108 creatures vanquished

Notes
Turn   | Place    | Note
-------+----------+-------------------------------------------
     0 | D:1      | KennySheep the Demigod Hedge Wizard began the quest for the
                  | Orb.
     0 | D:1      | Reached XP level 1. HP: 14/14 MP: 6/6
    17 | D:1      | Reached skill level 1 in Summonings
    56 | D:1      | Reached skill level 1 in Translocations
   330 | D:1      | Reached XP level 2. HP: 20/20 MP: 1/8
   560 | D:1      | Reached skill level 1 in Ranged Weapons
   780 | D:1      | Learned a level 2 spell: Blink
   786 | D:1      | Learned a level 2 spell: Call Imp
  1089 | D:1      | Reached XP level 3. HP: 26/26 MP: 2/9
  2114 | D:2      | Got the Anthology of Frigid Anthracomancy
  2386 | D:2      | Reached XP level 4. HP: 33/33 MP: 3/10
  3524 | D:3      | Reached XP level 5. HP: 32/38 MP: 1/11
  4894 | D:4      | Slain by an iguana

Illustrated notes

Levels and vault maps discovered:
D:1:      dpeg_arrival_rooms_b, layout_basic
D:2:      layout_loops_ring, minmay_goblin_kobold_house
D:3:      layout_loops_ring, kennysheep_slug_shrine,
          mainiacjoe_overflow_cross_hatched,
          ebering_ecumenical_altar_sacrificial, nrook_uturn, amethyst_killhole
D:4:      layout_layer_cave, nicolae_overflow_hidden_temple

Skill      XL: |  1  2  3  4 |
---------------+-------------+-----
Summonings     | 1 2 3 |  3.3
Translocations | 1 2 3 |  3.3
Ranged Weapons | 1 |  1.2
Dodging        | |  1.7
Stealth        | |  1.7
Spellcasting   | |  2.6
Conjurations   | |  0.8

Action                   |  1- 3 |  4- 6 || total
-------------------------+-------+-------++-------
Melee: Dagger            |    65 |    13 ||    78
 Cast: Magic Dart        |   133 |   101 ||   234
       Call Imp          |     5 |    20 ||    25
       Blink             |       |     4 ||     4
  Use: Scroll            |       |     5 ||     5
       Potion            |       |     5 ||     5
 Stab: Sleeping          |       |     1 ||     1
Armor: Robe              |    21 |    12 ||    33
Dodge: Dodged            |    74 |    49 ||   123

Table legend: (Time is in decaauts)
 A = Elapsed time spent in this place.
 B = Non-inter-level travel time spent in this place.
 C = Inter-level travel time spent in this place.
 D = Time resting spent in this place.
 E = Time spent auto-exploring this place.
 F = Levels seen in this place.
 G = Mean time per level.
                   A        B        C        D        E       F      G
               +--------+--------+--------+--------+--------+-----+--------+
         Total |   4895 |   4803 |     92 |    203 |   3698 |   4 | 1223.8 |
       Dungeon |   4895 |   4803 |     92 |    203 |   3698 |   4 | 1223.8 |
               +--------+--------+--------+--------+--------+-----+--------+

Top non-repeatable levels by time:
     D:3: 1729 daAuts
     D:1: 1489 daAuts
     D:2: 1446 daAuts
     D:4: 230 daAuts
